 Dungeon Crawl Stone Soup version 0.20-a0-537-g052e6ba (webtiles) character file.

53588 Duffy the Cleaver (level 14, 0/127 HPs)
             Began as a Naga Fighter on Jan 27, 2017.
             Was the Champion of Makhleb.
             Slain by an orc warrior
             ... wielding a +0 scimitar
              (16 damage)
             ... on level 1 of the Orcish Mines.
             The game lasted 00:33:16 (21344 turns).

Duffy the Cleaver (Naga Fighter)                   Turns: 21344, Time: 00:33:17

Health: 0/127      AC: 30    Str: 26    XL:     14   Next: 69%
Magic:  17/17      EV:  2    Int:  9    God:    Makhleb [******]
Gold:   1612       SH: 19    Dex: 12    Spells: 13/13 levels left

rFire    . . .     SeeInvis +   a - +0 broad axe
rCold    + . .     Gourm    .   W - +2 plate armour {rC+}
rNeg     + . .     Faith    .   o - +0 large shield
rPois    +         Spirit   .   P - +0 helmet
rElec    .         Reflect  .   Y - +2 cloak
rCorr    .         Harm     .   e - +2 pair of gloves
MR       +....                  Q - +0 naga barding
Stlth    ..........             G - amulet of rage
Regen    0.4/turn               R - ring of positive energy
                                I - +4 ring of strength

@: lethally poisoned (0 -> -1), exhausted, slowed, very slow
A: see invisible, deformed body, poison resistance, slowness 2, slow metabolism
1, spit poison 1, constrict 1, AC +4
a: Spit Poison, Minor Destruction, Lesser Servant of Makhleb, Major Destruction,
Greater Servant of Makhleb, Renounce Religion, Evoke Berserk Rage


You were on level 1 of the Orcish Mines.
You worshipped Makhleb.
Makhleb was exalted by your worship.
You were very hungry.

You visited 4 branches of the dungeon, and saw 19 of its levels.
You also visited: Ossuary.

You collected 1612 gold pieces.

Inventory:

Hand Weapons
 a - a +0 broad axe (weapon)
 b - a +0 morningstar of protection
Missiles
 y - 3 throwing nets (quivered)
Armour
 e - a +2 pair of gloves (worn)
 o - a +0 large shield (worn)
 P - a +0 helmet (worn)
 Q - a +0 naga barding (worn)
 W - a +2 plate armour of cold resistance (worn)
 Y - a +2 cloak (worn)
Jewellery
 h - an uncursed ring of resist corrosion
 C - an uncursed ring of protection from fire
 G - an amulet of rage (around neck)
 I - a +4 ring of strength (left hand)
 O - an uncursed amulet of guardian spirit
 R - a ring of positive energy (right hand)
 U - an uncursed ring of ice
Wands
 K - a wand of paralysis (12/24)
 L - a wand of acid (10/15)
 N - a wand of iceblast (3/15)
 T - a wand of paralysis (16/24)
 X - a wand of lightning (3/15)
 Z - a wand of confusion (12/48)
Scrolls
 k - 6 scrolls of remove curse
 n - 3 scrolls of immolation
 r - 5 scrolls of recharging
 s - a scroll of holy word {unknown}
 t - a scroll of fog
 u - 2 scrolls of blinking
 v - 9 scrolls of teleportation
 B - 3 scrolls of enchant armour
 D - 2 scrolls of enchant weapon
 E - a scroll of fear
 F - a scroll of noise {unknown}
 J - a scroll of vulnerability {unknown}
 M - 3 scrolls of magic mapping
 S - a scroll of summoning
Potions
 c - 2 potions of resistance
 d - 8 potions of might
 g - 4 potions of heal wounds
 i - a potion of berserk rage {unknown}
 j - 2 potions of agility {unknown}
 p - 11 potions of curing
 w - 5 potions of flight
 x - 2 potions of ambrosia
 A - 2 potions of haste
 H - 2 potions of cancellation {unknown}
 V - a potion of invisibility
Miscellaneous
 z - 3 boxes of beasts
Comestibles
 f - 7 bread rations
 l - 11 meat rations
 m - 9 fruits
 q - 3 chunks of flesh


   Skills:
 + Level 8.8 Fighting
 + Level 13.9 Axes
 + Level 10.2 Armour
 + Level 12.6 Shields
 - Level 5.0 Evocations


You had 13 spell levels left.
You didn't know any spells.

Dungeon Overview and Level Annotations

Branches:
Dungeon (10/15)            Temple (1/1) D:6            Lair (6/6) D:9
 Shoals (0/4) Lair:4       Spider (0/4) Lair:3        Slime (0/5) Lair:6
    Orc (2/2) D:10
    Elf: Orc:2

Altars:
Ashenzari
Cheibriados
Dithmenos
Elyvilon
Fedhas
Gozag
Hepliaklqana
Kikubaaqudgha
Makhleb
Nemelex Xobeh
Okawaru
Qazlal
Ru
Sif Muna
Trog
Uskayaw
Vehumet
Xom
Yredelemnul
Zin
The Shining One
Beogh
Jiyva

Shops:
D:8 =[

Annotations:
Lair:6 exclusion: oklob plant


Innate Abilities, Weirdness & Mutations

You cannot wear boots.
Your serpentine skin is tough. (AC +4)
You have supernaturally acute eyesight. (SInv)
Armour fits poorly on your strangely shaped body.
Your system is resistant to poisons. (rPois)
You cover ground very slowly.
You have a slow metabolism.
You can spit poison.
You can use your snake-like lower body to constrict enemies.


Message History

The orc warrior hits you but does no damage. x2
The orc warrior hits you with a battleaxe!
The orc hits you but does no damage.
You are poisoned.
You block the orc warrior's attack.
You hit the orc warrior but do no damage.
The orc warrior is heavily wounded.
You closely miss the orc. You slice the orc warrior!!
You closely miss the orc warrior. You slash the orc warrior!
You kill the orc warrior!
Makhleb accepts your kill.
You hit the orc warrior but do no damage.
You constrict the orc warrior.
You feel sick.
The orc warrior no longer looks unusually strong.
You block the orc warrior's attack.
The orc warrior hits you but does no damage. x2
You block the orc's attack. The orc hits you with a dagger.
The orc warrior hits you but does no damage.
The orc warrior hits you with a scimitar!
You die...

#### ### ##.#.## ##.##
### #.....#
#...#####.####
##....####.##.##...##.
.##......#.#.....##.##..
.......)........##...#..
...###o#####....##.#...
... #.o@oo..#....##.....
. .. #)oooo..#...........
#. ..
#..oo...#....##...#. .#.
. #.......#....##...##
....#.#.......#.....##.##
......#########.....####
.....................#
...#................#
....................##


You could see 4 orc warriors, 2 orc priests and 4 orcs.

Vanquished Creatures
  Kirke (Lair:5)
  An orc warlord (Orc:1)
  Snorg (Orc:1)
  Josephine (Lair:6)
  Harold (Orc:1)
  A merfolk avatar (Lair:6)
  2 two-headed ogres
  5 hydras
  A tengu warrior (D:10)
  Nergalle (Lair:4)
  A sea snake (Lair:6)
  7 orc knights
  An orc sorcerer (Orc:1)
  A wolf spider (Lair:3)
  14 elephants
  3 black mambas
  The ghost of Duffy the Chopper, a novice NaFi (D:4)
  A torpor snail (Lair:5)
  5 spiny frogs
  6 komodo dragons
  3 rime drakes
  A troll (Orc:1)
  A wind drake (Lair:6)
  2 hornets (Lair:6)
  3 blink frogs (Lair:4)
  8 hippogriffs
  A meliai zombie (D:10)
  8 polar bears
  12 dream sheep
  4 wyverns
  2 spriggans (Lair:1)
  4 wraiths (Lair:6)
  6 hogs (Lair:5)
  44 yaks
  2 basilisks (Lair:6)
  4 wargs (Orc:1)
  2 hungry ghosts
  2 hell hounds (D:9)
  5 porcupines
  7 water moccasins
  2 sky beasts
  An ice beast (D:10)
  A phantom (D:6)
  26 orc warriors
  12 wolves
  5 ogres
  12 centaurs
  15 crocodiles
  2 big kobolds
  An elf zombie (Ossuary)
  13 bullfrogs
  2 water moccasin zombies
  3 scorpions
  3 killer bees (D:9)
  3 wights (D:7)
  An electric eel (Lair:2)
  4 howler monkeys
  A crimson imp (D:6)
  A bullfrog zombie (D:7)
  A hound (D:8)
  12 orc wizards
  Crazy Yiuf (D:7)
  A bullfrog skeleton (D:5)
  4 centaur zombies
  13 orc priests
  A human zombie (Ossuary)
  2 iguanas
  15 worker ants
  A hell rat (Lair:1)
  A big kobold zombie (Ossuary)
  2 mummies (Ossuary)
  A worker ant zombie (D:7)
  A howler monkey zombie (D:8)
  3 gnolls (D:6)
  16 adders
  A river rat (D:3)
  2 shadow imps (D:10)
  An adder zombie (Ossuary)
  2 adder skeletons
  6 worms
  3 dart slugs (D:1)
  4 leopard geckos
  72 orcs
  A ball python (D:5)
  8 bats
  15 giant cockroaches
  10 hobgoblins
  15 jackals
  3 quokkas
  5 frilled lizards
  12 goblins
  2 goblin zombies (Ossuary)
  7 hobgoblin zombies (Ossuary)
  2 jackal zombies
  16 kobolds
  15 kobold zombies (Ossuary)
  5 orc zombies (Ossuary)
  2 quokka skeletons
  A quokka zombie (D:6)
  8 rats
  3 plants
580 creatures vanquished.

Vanquished Creatures (collateral kills)
  A polar bear (Lair:6)
1 creature vanquished.

Vanquished Creatures (others)
  A human (Lair:6)
  An orc wizard (D:3)
  6 fungi
  17 plants
25 creatures vanquished.

Grand Total: 606 creatures vanquished

Notes
Turn   | Place    | Note
-------+----------+-------------------------------------------
     0 | D:1      | Duffy the Naga Fighter began the quest for the Orb.
     0 | D:1      | Reached XP level 1. HP: 21/21 MP: 1/1
   208 | D:1      | Reached XP level 2. HP: 24/28 MP: 2/2
   615 | D:1      | Reached XP level 3. HP: 33/34 MP: 3/3
   779 | D:2      | Reached skill level 3 in Axes
  1045 | D:2      | Reached XP level 4. HP: 42/42 MP: 4/4
  1784 | D:2      | Reached XP level 5. HP: 33/49 MP: 5/5
  1795 | D:2      | Reached skill level 4 in Axes
  2390 | D:3      | Reached XP level 6. HP: 26/56 MP: 6/6
  2699 | D:3      | Reached skill level 5 in Axes
  3630 | D:4      | Reached XP level 7. HP: 21/62 MP: 7/7
  3840 | D:4      | Found a deep blue altar of Sif Muna.
  3916 | D:4      | Reached skill level 5 in Shields
  4136 | D:4      | Found a glowing golden altar of the Shining One.
  4136 | D:4      | Found a hazy altar of Hepliaklqana.
  4261 | D:4      | Reached skill level 6 in Axes
  4315 | D:4      | Noticed Duffy's ghost (novice NaFi)
  4345 | D:4      | Killed Duffy's ghost
  4345 | D:4      | Reached XP level 8. HP: 21/69 MP: 8/8
  4668 | D:4      | Found a basalt altar of Yredelemnul.
  4857 | D:5      | Entered Level 5 of the Dungeon
  5057 | D:5      | Reached skill level 7 in Axes
  5167 | D:5      | Found a runed door.
  5187 | D:5      | Found a runed door.
  6192 | D:5      | Found a sparkling altar of Nemelex Xobeh.
  6316 | D:6      | Found a sand-covered staircase.
  6322 | Ossuary  | Entered an ossuary
  6539 | Ossuary  | Reached skill level 1 in Evocations
  6646 | Ossuary  | Reached XP level 9. HP: 74/75 MP: 10/10
  6664 | Ossuary  | Reached skill level 8 in Axes
  7587 | D:6      | Found a staircase to the Ecumenical Temple.
  7599 | Temple   | Entered the Ecumenical Temple
  7640 | Temple   | Became a worshipper of Makhleb the Destroyer
  7754 | D:7      | Found an opulent altar of Gozag.
  8266 | D:7      | Noticed a two-headed ogre
  8275 | D:7      | Killed a two-headed ogre
  8275 | D:7      | Reached skill level 9 in Axes
  8457 | D:7      | Found a runed door.
  8461 | D:7      | Noticed Crazy Yiuf
  8469 | D:7      | Killed Crazy Yiuf
  8524 | D:7      | Found a stormy altar of Qazlal.
  8606 | D:7      | Reached skill level 5 in Evocations
  8606 | D:7      | Reached XP level 10. HP: 84/84 MP: 13/13
  8952 | D:8      | Found Nunt's Armour Shop.
  9192 | D:8      | Paralysed by fainting for 6 turns
  9366 | D:8      | Found Zoil Jel's Jewellery Boutique.
  9711 | D:8      | Reached * piety under Makhleb
 10034 | D:9      | Noticed a two-headed ogre
 10057 | D:9      | Killed a two-headed ogre
 10063 | D:9      | Reached skill level 10 in Axes
 10444 | D:9      | Found a staircase to the Lair.
 11056 | D:9      | Found a shimmering altar of Xom.
 11316 | D:10     | Entered Level 10 of the Dungeon
 11381 | D:10     | Reached ** piety under Makhleb
 11381 | D:10     | Reached XP level 11. HP: 93/93 MP: 14/14
 11385 | D:10     | Reached skill level 5 in Armour
 11753 | D:10     | Reached skill level 5 in Fighting
 11980 | D:10     | Noticed an orc knight
 12013 | D:9      | Killed an orc knight
 12307 | D:10     | Noticed an orc knight
 12400 | D:9      | Killed an orc knight
 12788 | D:10     | Found a roughly hewn altar of Beogh.
 12788 | D:10     | Found a staircase to the Orcish Mines.
 12828 | D:10     | Reached *** piety under Makhleb
 12890 | D:10     | Noticed a tengu warrior
 12899 | D:10     | Killed a tengu warrior
 13064 | Lair:1   | Entered Level 1 of the Lair of Beasts
 13142 | Lair:1   | Reached skill level 10 in Shields
 13855 | Lair:1   | Reached skill level 11 in Axes
 14203 | Lair:2   | Noticed a four-headed hydra
 14224 | Lair:2   | Killed a four-headed hydra
 14271 | Lair:2   | Reached XP level 12. HP: 103/103 MP: 15/15
 14731 | Lair:2   | Reached **** piety under Makhleb
 14861 | Lair:2   | Found an ancient bone altar of Kikubaaqudgha.
 15099 | Lair:2   | Reached skill level 12 in Axes
 15570 | Lair:3   | Noticed a six-headed hydra
 15581 | Lair:3   | Killed a six-headed hydra
 15732 | Lair:3   | Found a hole to the Spider Nest.
 15964 | Lair:3   | Noticed an eight-headed hydra
 15974 | Lair:3   | Killed an eight-headed hydra
 16540 | Lair:3   | Gained mutation: You can use your snake-like lower body to constrict enemies. [Naga growth]
 16540 | Lair:3   | Reached XP level 13. HP: 109/109 MP: 16/16
 16620 | Lair:4   | Noticed Nergalle
 16627 | Lair:4   | Killed Nergalle
 16819 | Lair:4   | Reached ***** piety under Makhleb
 17114 | Lair:4   | Found a staircase to the Shoals.
 17579 | Lair:5   | Noticed Kirke
 17669 | Lair:5   | Killed Kirke
 17669 | Lair:5   | Reached skill level 13 in Axes
 18490 | Lair:6   | Entered Level 6 of the Lair of Beasts
 18491 | Lair:6   | Found a viscous altar of Jiyva.
 19283 | Lair:6   | Reached XP level 14. HP: 123/123 MP: 17/17
 19428 | Lair:6   | Noticed Josephine
 19444 | Lair:6   | Killed Josephine
 19531 | Lair:6   | Found a staircase to the Slime Pits.
 19706 | Lair:6   | Identified Sif Muna's Tome of the Lost Wars
 20374 | Orc:1    | Entered Level 1 of the Orcish Mines
 20465 | Orc:2    | Entered Level 2 of the Orcish Mines
 20551 | Orc:1    | Noticed Snorg
 20566 | Orc:1    | Killed Snorg
 20628 | Orc:1    | Noticed Harold
 20643 | Orc:1    | Killed Harold
 20903 | Orc:1    | Noticed an orc warlord
 20914 | Orc:1    | Reached ****** piety under Makhleb
 20919 | Orc:1    | Reached skill level 10 in Armour
 20933 | Orc:1    | Killed an orc warlord
 21171 | Orc:1    | Found a roughly hewn altar of Beogh.
 21344 | Orc:1    | Slain by an orc warrior

Vault maps used:
D:1:      lightli_arrival_flooded_house
D:2:      serial_bayou, serial_bayou_pond_d, serial_bayou_lagoon_a,
          serial_bayou_lake_a, serial_bayou_pond_d, serial_bayou_pond_b
D:3:      first_bread, gup_sewer_entry_spiral, minmay_misc_feat_alley,
          serial_bayou_pond_e
D:4:      lemuel_round_altar, lemuel_doored_altar,
          gammafunk_temple_overflow_wave
D:5:      lemuel_insect_pit, nemelex_xobeh_ov_fountains_minmay
D:6:      minmay_temple_entry_poolview, nicolae_ossuary_entry_plus
D:7:      nicolae_gozag_cash_rules_everything_around_me,
          nicolae_qazlal_general_emergency, st_stairs_12,
          kennysheep_generic_room_7, uniq_crazy_yiuf_cottage
D:8:      serial_shops, shop, kennysheep_mini
D:9:      xom_teletrap_fun, minmay_lair_entry_lava
D:10:     david_orc_5, grunt_tengu_nest
Temple:   nicolae_temple_god_jail
Lair:1:   wad_woods_tower, guppyfry_lair_drakes
Lair:2:   lemuel_centaur_altar, grunt_megastairs_1, serial_bayou_shore_a
Lair:3:   dummy_spider_entry
Lair:4:   shoals_dummy_entry, uniq_nergalle
Lair:5:   uniq_kirke
Lair:6:   gammafunk_lair_ancient_temple, slime_altar_1,
          infiniplex_staircase_pool_2, uniq_josephine
Orc:1:    special_room, basic_altar, nicolae_orc_bridge_out, uniq_snorg,
          uniq_harold
Orc:2:    st_orc_rangers, basic_altar, guppyfry_orc_lava_fort, uniq_sonja
Ossuary:  ossuary_tomb_1

Skill      XL: |  1  2  3  4  5  6  7  8  9 10 11 12 13 14 |
---------------+-------------------------------------------+-----
Shields        | 3 4 5 7 8 9 10 11 12 | 12.6
Axes           | 3 4 5 6 7 9 10 11 12 13 | 13.9
Evocations     | 1 5 |  5.0
Armour         | 4 6 8 9 10 | 10.2
Fighting       | 4 5 7 8 |  8.8

Action                   |  1- 3 |  4- 6 |  7- 9 | 10-12 | 13-15 || total
-------------------------+-------+-------+-------+-------+-------++-------
Melee: War axe           |   112 |   285 |   602 |   796 |       ||  1795
       Flail             |       |       |       |    19 |    10 ||    29
       Broad axe         |       |       |       |   266 |   604 ||   870
       Constrict         |       |       |       |       |   119 ||   119
Invok: Lesser Servant of |       |       |       |       |     1 ||     1
 Abil: Spit Poison       |     2 |    11 |     6 |     7 |       ||    26
       Evoke Berserk Rag |       |       |     5 |    10 |     5 ||    20
Evoke: Wand              |       |       |       |     4 |     3 ||     7
  Use: Scroll            |     4 |     2 |     8 |     8 |     5 ||    27
       Potion            |       |       |       |     1 |     2 ||     3
 Stab: Paralysed         |       |       |       |     2 |       ||     2
  Eat: Chunk             |       |     9 |     9 |    33 |    10 ||    61
       Bread ration      |       |       |     2 |     2 |       ||     4
       Royal jelly       |       |       |       |       |     4 ||     4
Armor: Scale mail        |    46 |   187 |       |       |       ||   233
       Chain mail        |       |     1 |   233 |    80 |       ||   314
       Plate armour      |       |       |       |   334 |   296 ||   630
       Skin              |       |       |       |    17 |       ||    17
Dodge: Dodged            |    17 |    35 |    41 |   109 |    84 ||   286
Block: Shield            |    49 |       |       |       |       ||    49
       Large shield      |    23 |   266 |   459 |   992 |   597 ||  2337
